 Dungeon Crawl Stone Soup version 0.31-a0-233-g139696dc86 (webtiles) character file.

Game seed: 12141793369619783071

117 qw the Shooter (level 4, 0/40 HPs)
             Began as a Minotaur Hexslinger on July 8, 2023.
             Slain by Robin
             ... wielding a +0 spear
              (1 damage)
             ... on level 3 of the Dungeon.
             The game lasted 00:00:52 (1947 turns).

qw the Shooter (Minotaur Hexslinger)                Turns: 1947, Time: 00:00:53

Health: 0/40       AC:  9    Str: 13    XL:     4   Next: 71%
Magic:  4/4        EV: 11    Int: 10    God:
Gold:   125        SH:  0    Dex: 14    Spells: 4/5 levels left

rFire   . . .        Y - +1 sling
rCold   . . .        (no shield)
rNeg    . . .        f - +0 ring mail
rPois   .            (helmet restricted)
rElec   .            e - +0 cloak {rCorr}
rCorr   +            m - +0 pair of gloves
SInv    .            (no boots)
Will    .....        b - amulet of faith
Stlth   +            (no ring)
HPRegen 0.26/turn    (no ring)
MPRegen 0.09/turn

%: faith
@: no status effects
A: horns 2, retaliatory headbutt, iridescent scales 1, robust 1
a: no special abilities


You were on level 3 of the Dungeon.
You visited 1 branch of the dungeon, and saw 3 of its levels.

You collected 125 gold pieces.


Innate Abilities, Weirdness & Mutations

You have a pair of horns on your head.
You reflexively headbutt those who attack you in melee.
You are partially covered in iridescent scales. (AC +2)
You are robust. (+10% HP)


   Skills:
 + Level 2.3 Fighting
 - Level 5.0 Ranged Weapons
 - Level 1.0 Armour
 - Level 2.1 Dodging
 - Level 1.0 Spellcasting
 - Level 2.0 Hexes


You had 4 spell levels left.
You knew the following spells:

 Your Spells              Type           Power      Damage    Failure   Level
a - Slow                  Hex            16%        N/A       32%         1

Your spell library contained the following spells:

 Spells                   Type           Power      Damage    Failure   Level
 Inner Flame              Hex/Fire       2%         N/A       82%         3
 Portal Projectile        Hex/Tloc       4%         N/A       82%         3
 Cause Fear               Hex            2%         N/A       97%         4

Inventory:

Hand Weapons
 Y - a +1 sling (weapon)
Armour
 e - a +0 cloak of preservation (worn)
 f - a +0 ring mail (worn)
 m - a +0 pair of gloves (worn)
Jewellery
 b - an amulet of faith (around neck)
 c - the amulet of Darona Qixe {Reflect Str+4 SH+5}
   (You acquired it on level 2 of the Dungeon)

   [amulet of reflection]

   It reflects blocked missile attacks.
   Str:       It affects your strength (+4).
   SH:        It affects your SH (+5).
Scrolls
 a - 2 scrolls of identify
Potions
 d - 2 potions of mutation
 g - a potion of might {unknown}
 h - a potion of attraction {unknown}
 i - a potion of heal wounds {unknown}
 k - a potion of cancellation
 l - a potion of degeneration {unknown}

Dungeon Overview and Level Annotations

Branches:
Dungeon (3/15)

Altars:

Shops:
D:2 (

Annotations:
D:3 Robin


Message History

You kill the goblin!
The kobold throws a stone.
The stone barely misses you. The goblin hits you but does no damage.
You shoot a sling bullet.
The sling bullet barely misses the goblin.
The goblin hits you but does no damage.
You shoot a sling bullet. The sling bullet hits the kobold.
The kobold is heavily wounded.
The goblin hits you but does no damage. The kobold hits you with a +0 club.
Robin barely misses you. The goblin barely misses you.
Robin throws the goblin at you! The kobold hits you with a +0 club.
You shoot a sling bullet. The sling bullet hits the kobold.
You kill the kobold!
You hear a shout!
A goblin comes into view. It is wielding a +0 dagger.
The goblin hits you with a +0 club. Robin throws the goblin at you!
The goblin hits you with a +0 club.
You shoot a sling bullet.
The sling bullet barely misses the goblin.
The goblin closely misses you. Robin throws the goblin at you!
The goblin hits you but does no damage. x2; The goblin hits you with a +0 club.
A hobgoblin comes into view.
You shoot a sling bullet.
The sling bullet barely misses the goblin.
The goblin hits you with a +0 dagger. The goblin hits you with a +0 club.
The goblin hits you but does no damage. x2
You shoot a sling bullet. The sling bullet hits the goblin.
The goblin is moderately wounded.
You hear a shout!
The goblin no longer looks unusually strong.
The goblin closely misses you. x2; The goblin barely misses you.
The goblin closely misses you. You furiously retaliate!
You headbutt the goblin!
You kill the goblin!
Robin throws the goblin at you!
You shoot a sling bullet. The sling bullet hits the goblin.
The goblin is severely wounded.
The goblin no longer looks unusually strong. x2
The goblin hits you with a +0 club. The goblin hits you but does no damage.
Robin hits you from afar with a +0 spear.
You die...

##.# ...# ##.# ########
##.# #......## .#.#
##.###...##
#..######..>#.....####.##.
##................g)Kg...#
#..######...#..gg)#.....##
...# #....###.g@##gg.gK..
...# #.#### ##g## g.....#
.)%# #. #.# ...g.g# .<## #
#.# #####gg ..#####.## #..
g #......... ###
#.#####.#. ..# ###


You could see Robin and 4 goblins.

Vanquished Creatures
  Ijyb (D:2)
  2 adders (D:2)
  A worm (D:2)
  A dart slug (D:1)
  5 bats
  4 endoplasms
  4 giant cockroaches
  10 goblins
  9 hobgoblins
  4 jackals
  2 quokkas (D:2)
  3 ball pythons
  5 frilled lizards
  6 kobolds
  5 rats
62 creatures vanquished.

Notes
Turn   | Place    | Note
-------+----------+-------------------------------------------
     0 | D:1      | qw the Minotaur Hexslinger began the quest for the Orb.
     0 | D:1      | Reached XP level 1. HP: 16/16 MP: 1/1
     0 | D:1      | 0 ||| qw: Version: 0.3-a-46-gb1f654a
     0 | D:1      | 0 ||| qw: Game counter: 3693
     0 | D:1      | 0 ||| qw: Melee chars always use a shield: true
     0 | D:1      | 0 ||| qw: God list: Okawaru
     0 | D:1      | 0 ||| qw: Allow faded altars: false
     0 | D:1      | 0 ||| qw: Do Orc after clearing Dungeon:15 true
     0 | D:1      | 0 ||| qw: Do second Lair branch before Depths: true
     0 | D:1      | 0 ||| qw: Lair rune preference: random
     0 | D:1      | 0 ||| qw: Goals: Normal
     0 | D:1      | 0 ||| PLANNING D:1-11
   128 | D:1      | Reached skill level 3 in Ranged Weapons
   130 | D:1      | Reached XP level 2. HP: 23/23 MP: 2/2
   412 | D:1      | Found a faded altar of an unknown god.
   692 | D:1      | 692 ||| UPGRADING to +0 cloak of preservation.
   697 | D:1      | 697 ||| UPGRADING to +0 ring mail.
   707 | D:1      | 707 ||| DROPPING +0 robe.
   708 | D:1      | 708 ||| READING 2 scrolls labelled JECHUN KOROKLE.
   709 | D:1      | 709 ||| READING scroll labelled UKEFIV PIZOI.
   712 | D:1      | 712 ||| READING scroll labelled JASAIR JIMOIHIUV.
   713 | D:1      | 713 ||| DROPPING scroll of poison.
   817 | D:2      | Reached XP level 3. HP: 29/29 MP: 3/3
  1010 | D:2      | Found Leagg's Weapon Shop.
  1015 | D:2      | 1015 ||| SHOPLISTING +2 orcbow (170 gold, have 34).
  1045 | D:2      | Reached skill level 4 in Ranged Weapons
  1046 | D:2      | 1046 ||| FLEEEEING.
  1048 | D:2      | 1048 ||| FLEEEEING.
  1049 | D:2      | 1049 ||| FLEEEEING.
  1050 | D:2      | 1050 ||| FLEEEEING.
  1052 | D:2      | 1052 ||| FLEEEEING.
  1053 | D:2      | 1053 ||| FLEEEEING.
  1054 | D:2      | 1054 ||| FLEEEEING.
  1055 | D:2      | 1055 ||| FLEEEEING.
  1069 | D:2      | 1069 ||| FLEEEEING.
  1070 | D:2      | 1070 ||| FLEEEEING.
  1250 | D:2      | Reached skill level 1 in Armour
  1584 | D:2      | Reached XP level 4. HP: 36/36 MP: 4/4
  1721 | D:2      | 1721 ||| UPGRADING to +0 pair of gloves.
  1726 | D:2      | 1726 ||| UPGRADING to amulet of faith.
  1731 | D:2      | 1731 ||| READING scroll labelled QOUCRIYHAE.
  1732 | D:2      | 1732 ||| READING scroll labelled XOGGUO COEDGHOMUCU.
  1732 | D:2      | Identified a scroll of acquirement
  1732 | D:2      | 1732 ||| ACQUIRING amulet of Darona Qixe {Reflect Str+4
                  | SH+5}
  1732 | D:2      | Acquired the amulet of Darona Qixe {Reflect Str+4 SH+5}
  1734 | D:2      | 1734 ||| READING scroll labelled CYSAUMETUST.
  1735 | D:2      | 1735 ||| DRINKING 3 red potions.
  1735 | D:2      | Gained mutation: You are partially covered in iridescent
                  | scales. (AC +2) [potion of mutation]
  1735 | D:2      | Gained mutation: You are robust. (+10% HP) [potion of
                  | mutation]
  1746 | D:2      | 1746 ||| DRINKING 2 inky potions.
  1783 | D:3      | Noticed Ijyb
  1793 | D:3      | 1793 ||| STAIRDANCE
  1800 | D:2      | Killed Ijyb
  1846 | D:3      | 1846 ||| STAIRDANCE
  1925 | D:3      | Noticed Robin
  1926 | D:3      | 1926 ||| Stepping ~*~*~tactically~*~*~ (outnumbered).
  1928 | D:3      | 1928 ||| Stepping ~*~*~tactically~*~*~ (outnumbered).
  1930 | D:3      | Reached skill level 5 in Ranged Weapons
  1937 | D:3      | 1937 ||| Stepping ~*~*~tactically~*~*~ (outnumbered).
  1944 | D:3      | HP: 9/39 [goblin/+0 club[Robin] (2)]
  1945 | D:3      | HP: 2/39 [goblin/+0 club[Robin] (3)]
  1947 | D:3      | Slain by Robin

Levels and vault maps discovered:
D:1:      dpeg_arrival_three_smaller_balls, layout_basic, serial_forest,
          infiniplex_forest_clump_medium, infiniplex_forest_straight_4,
          infiniplex_forest_clump_long, infiniplex_forest_lined_2,
          infiniplex_forest_diagonal, infiniplex_forest_clump_diagonal,
          hellmonk_ecumenical_altar_run_dry
D:2:      layout_loops_corners, serial_shops, nicolae_shop_rolling_square,
          minmay_diced_spiral
D:3:      layout_loops_ring, minitemple, skrybe_limestone_x, uniq_robin,
          uniq_ijyb, uniq_grinder

Skill      XL: |  1  2  3  4 |
---------------+-------------+-----
Ranged Weapons | 3 4 5 |  5.0
Fighting       | 2 |  2.3
Armour         | 1 |  1.0
Dodging        | |  2.1
Spellcasting   | |  1.0
Hexes          | |  2.0

Action                     |  1- 3 |  4- 6 || total
---------------------------+-------+-------++-------
   Fire: Sling             |   139 |    52 ||   191
    Use: Scroll            |     3 |     3 ||     6
         Potion            |       |     2 ||     2
 Armour: Robe              |     4 |       ||     4
         Ring mail         |     9 |    37 ||    46
  Dodge: Dodged            |    34 |    38 ||    72

Table legend:
 A = Non-vault XP
 B = Vault XP
 C = Vault XP percentage of total XP
 D = Non-vault monster count
 E = Vault monster count
 F = Vault count percentage of total count
                 A         B        C        D         E       F
            +---------+---------+-------+---------+---------+-------
      Total |      95 |      73 |  43.5 |      48 |      14 |  22.6
            +---------+---------+-------+---------+---------+-------
        D:1 |      36 |       0 |   0.0 |      23 |       0 |   0.0
        D:2 |      49 |      60 |  55.0 |      20 |       7 |  25.9
        D:3 |      10 |      13 |  56.5 |       5 |       7 |  58.3
            +---------+---------+-------+---------+---------+-------
